 Dungeon Crawl Stone Soup version 0.31-a0-1074-g0b22e4e0f1 (webtiles) character file.

Game seed: 18253215923850544549

1 drugrobin the Sneak (level 1, 0/18 HPs)
             Began as a Demigod Delver on Dec 4, 2023.
             Slain by a gnoll
             ... wielding a +0 club
              (7 damage)
             ... on level 5 of the Dungeon.
             The game lasted 00:00:37 (44 turns).

drugrobin the Sneak (Demigod Delver)                  Turns: 44, Time: 00:00:37

Health: 0/18       AC:  3    Str: 13    XL:     1   Next: 13%
Magic:  3/3        EV: 11    Int: 12    God:
Gold:   0          SH:  0    Dex: 15    Spells: 0/0 levels left

rFire   . . .        b - +0 sling
rCold   . . .        (no shield)
rNeg    . . .        i - +0 leather armour
rPois   .            (no helmet)
rElec   .            (no cloak)
rCorr   .            (no gloves)
SInv    .            (no boots)
Will    .....        (no amulet)
Stlth   +++          (no ring)
HPRegen 0.23/turn    (no ring)
MPRegen 0.08/turn

%: no passive effects
@: no status effects
A: high MP 1, forlorn, divine attributes
a: no special abilities


You were on level 5 of the Dungeon.
You visited 1 branch of the dungeon, and saw 2 of its levels.

Inventory:

Hand Weapons
 a - a +0 mace
 b - a +0 sling (weapon)
 j - a +2 dagger of draining
Armour
 i - a +0 leather armour (worn)
Wands
 g - a wand of digging (3)
Scrolls
 c - a scroll of fog
 d - a scroll of revelation
 e - a scroll of fear
 h - a scroll of enchant weapon {unknown}
Potions
 f - a potion of haste


   Skills:
 - Level 2.6 Fighting
 + Level 1.9 Maces & Flails
 - Level 1.7 Dodging
 - Level 4.5 Stealth


You couldn't memorise any spells.
You didn't know any spells.
Your spell library was empty.

Dungeon Overview and Level Annotations

Branches:
Dungeon (5/15)
 Temple: D:4-7

Shops:
D:5 ?


Innate Abilities, Weirdness & Mutations

You have an increased reservoir of magic. (+10% MP)
You shall have no god before yourself.
Your divine heritage dramatically boosts your attributes as you level up.


Message History

The sling bullet barely misses the gnoll.
Unknown command.
Fire: b) +0 sling
Press: ? - help, Q - select action Shift-Dir - straight line, f/p - gnoll
Aim: a gnoll, wielding a +0 club (moderately wounded, 60% to hit)
You shoot a sling bullet.
The sling bullet closely misses the gnoll.
The sling bullet barely misses the gnoll.
A gnoll comes into view. It is wielding a +0 halberd.
The gnoll hits you with a +0 club.
Unknown command.
Unknown command.
Press: ? - help, v - describe, . - travel
Here: a goblin, wielding a +2 dagger of draining The floor.
Unknown command.
The gnoll barely misses you. The gnoll closely misses you.
The goblin hits you but does no damage.
You feel drained.
You climb downwards.
There is a stone staircase leading up here.
Unknown command.
Unknown command.
Unknown command.
Okay, then.
Fire: b) +0 sling
Press: ? - help, Q - select action Shift-Dir - straight line, f - goblin
Aim: a goblin, wielding a +2 dagger of draining (47% to hit)
You shoot a sling bullet. The sling bullet hits the goblin!
You kill the goblin!
The gnoll hits you with a +0 club!
Your life force feels restored.
Unknown command.
Unknown command.
Unknown command.
Unknown command.
Things that are here:
a +2 dagger of draining; a goblin corpse
j - a +2 dagger of draining The gnoll hits you with a +0 club!
You die...

#.. . #.. ##. ..
#.# #..# .. #.#
#..# ..## #.#
#..# ...# ####
###.# #..# .#.#
##..###...###..#
...#
#.........@g..#
.∩.##
#..#######.<.##
....###.## #...#
.#..##..# #...#
......#...#
#....#
###..####...#
#....# .##..#
##........#
#....# ........
##.>## ######...


You could see a gnoll.

Vanquished Creatures
  A goblin (D:5)
1 creature vanquished.

Notes
Turn   | Place    | Note
-------+----------+-------------------------------------------
     0 | D:5      | drugrobin the Demigod Delver began the quest for the Orb.
     0 | D:5      | Reached XP level 1. HP: 18/18 MP: 3/3
    44 | D:5      | Slain by a gnoll

Illustrated notes

Levels and vault maps discovered:
D:4:      layout_basic, minmay_misc_feat_cross
D:5:      layout_layer_cave, nicolae_hepliaklqana_hazy_memory, temple_pool_b,
          serial_shops, shop, nicolae_shop_overgrown_old_shop, shop, shop,
          nicolae_shop_stone

Action                     || total
---------------------------++-------
   Fire: Sling             ||     4
 Armour: Leather armour    ||     4
  Dodge: Dodged            ||     2

Table legend: (Time is in decaauts)
 A = Elapsed time spent in this place.
 B = Non-inter-level travel time spent in this place.
 C = Inter-level travel time spent in this place.
 D = Time resting spent in this place.
 E = Time spent auto-exploring this place.
 F = Levels seen in this place.
 G = Mean time per level.
                   A        B        C        D        E       F      G
               +--------+--------+--------+--------+--------+-----+--------+
         Total |     45 |     45 |      0 |      0 |      0 |   2 |   22.5 |
       Dungeon |     45 |     45 |      0 |      0 |      0 |   2 |   22.5 |
               +--------+--------+--------+--------+--------+-----+--------+

Top non-repeatable levels by time:
     D:5: 39 daAuts
     D:4: 5 daAuts
